 Dungeon Crawl Stone Soup version 0.30-b1-2-g02819fbbbe (webtiles) character file.

Game seed: 2693865048076061790

527 Bordeaux the Covered (level 7, -4/60 HPs)
             Began as a Minotaur Fighter on May 12, 2023.
             Killed by nerve-wracking pain
             ... invoked by a shadow imp
              (9 damage)
             ... on level 4 of the Dungeon on June 8, 2023.
             The game lasted 00:10:04 (4370 turns).

Bordeaux the Covered (Minotaur Fighter)             Turns: 4370, Time: 00:10:06

Health: -4/60      AC: 12    Str: 22    XL:     7   Next: 3%
Magic:  6/6        EV: 10    Int:  5    God:
Gold:   128        SH:  5    Dex: 10    Spells: 6/6 levels left

rFire   x . .        a - +1 long sword
rCold   + . .        c - +0 buckler
rNeg    . . .        b - +0 scale mail
rPois   .            (helmet restricted)
rElec   .            m - +0 cloak
rCorr   .            (no gloves)
SInv    .            (no boots)
Will    .....        (no amulet) Stlth
                     h - ring of ice
HPRegen 0.30/turn    i - +4 ring of protection
MPRegen 0.10/turn

%: no passive effects
@: about to teleport
A: horns 2, retaliatory headbutt
a: no special abilities


You were on level 4 of the Dungeon.
You visited 1 branch of the dungeon, and saw 4 of its levels.

You collected 128 gold pieces.

Inventory:

Hand Weapons
 a - a +1 long sword (weapon)
Missiles
 n - 2 throwing nets (quivered)
Armour
 b - a +0 scale mail (worn)
 c - a +0 buckler (worn)
 m - a +0 cloak (worn)
Jewellery
 h - a ring of ice (left hand)
 i - a +4 ring of protection (right hand)
 w - a ring of magical power
Wands
 v - a wand of iceblast (5)
Scrolls
 d - a scroll of enchant armour {unknown}
 e - 5 scrolls of identify {unknown}
 f - a scroll of fear
 g - 2 scrolls of immolation {unknown}
 k - a scroll of silence {unknown}
 u - a scroll of vulnerability {unknown}
Potions
 l - 2 potions of heal wounds
 p - a potion of might
 s - a potion of curing {unknown}


   Skills:
 + Level 4.8 Fighting
 + Level 5.6 Long Blades
 + Level 5.7 Armour
 + Level 1.9 Dodging
 + Level 1.0 Stealth
 + Level 5.0 Shields


You had 6 spell levels left.
You didn't know any spells.
Your spell library contained the following spells:

 Spells                   Type           Power      Damage    Failure   Level
 Beastly Appendage        Tmut           0%         N/A       85%         1
 Necrotise                Necr           0%         1d4       85%         1
 Wereblood                Tmut           0%         N/A       94%         2
 Spider Form              Tmut/Pois      0%         N/A       99%         3
 Vampiric Draining        Necr           0%         2d6       99%         3
 Agony                    Necr           0%         N/A       100%        5


Dungeon Overview and Level Annotations

Branches:
Dungeon (4/15)
 Temple: D:4-7

Altars:
Zin

Shops:
D:3 (


Innate Abilities, Weirdness & Mutations

You have a pair of horns on your head.
You reflexively headbutt those who attack you in melee.


Message History

Unknown command.
You are too injured to fight recklessly!
Unknown command.
You are too injured to fight recklessly!
Unknown command.
You are too injured to fight recklessly!
You are too injured to fight recklessly!
You hit something. The orc hits you but does no damage. x2
Something hits you but does no damage. The shadow imp gestures at you.
Pain shoots through your body! The adder bites you but does no damage.
The orc closely misses you. The shadow imp gestures at you.
Pain shoots through your body!
* * * LOW HITPOINT WARNING * * *
The orc misses you. Something completely misses you.
You are too injured to fight recklessly!
Unknown command.
You are too injured to fight recklessly!
Unknown command.
You are too injured to fight recklessly!
Unknown command.
You are too injured to fight recklessly!
Unknown command.
Okay, then.
As you read the scroll labelled MOOBIZ UKOEDA, it crumbles to dust.
You feel strangely unstable.
It was a scroll of teleportation.
The adder barely misses you. You block the shadow imp's attack.
The orc hits you with a +0 flail.
* * * LOW HITPOINT WARNING * * *
The orc hits you but does no damage. Something hits you but does no damage.
Unknown command.
You hit something. The adder bites you.
* * * LOW HITPOINT WARNING * * *
The adder barely misses you. The orc hits you with a +0 whip.
* * * LOW HITPOINT WARNING * * *
You block something's attack. The shadow imp gestures at you.
Pain shoots through your body!
You die...

##..# #.# #.#
##.####.# #.#
#...##.# #.#
###.##.# #°#
#..#.#
#°######
##.#.#
#○..°°.##
#...#
##○°...°○##
###^#
#○..{.°.○.#
#.#
#°.S@°...°#
#.#
#..oo5○..°#
...
#......○.°#
.##
..○.○...>.○#
.
###..○.°°..°#
#.........#
.○○○°....○#
##..○○.○.○°#


You could see an adder, a shadow imp and 2 orcs.

Vanquished Creatures
  Menkaure (D:4)
  A phantom (D:4)
  A hound (D:4)
  An iguana (D:4)
  Natasha (D:2)
  Terence (D:2)
  Robin (D:3)
  7 gnolls
  5 adders
  A shadow imp (D:4)
  2 dart slugs (D:2)
  6 orcs
  9 ball pythons
  5 endoplasms (D:1)
  4 giant cockroaches (D:1)
  10 goblins
  12 hobgoblins
  4 jackals (D:1)
  4 quokkas
  3 bats
  6 frilled lizards
  8 kobolds
  6 rats
99 creatures vanquished.

Vanquished Creatures (others)
  6 plants (D:2)
6 creatures vanquished.

Grand Total: 105 creatures vanquished

Notes
Turn   | Place    | Note
-------+----------+-------------------------------------------
     0 | D:1      | Bordeaux the Minotaur Fighter began the quest for the Orb.
     0 | D:1      | Reached XP level 1. HP: 19/19 MP: 0/0
   215 | D:1      | Reached XP level 2. HP: 17/27 MP: 1/1
   383 | D:1      | Reached XP level 3. HP: 33/33 MP: 2/2
   453 | D:1      | You fall into a shaft and drop 1 floor!
  1007 | D:2      | Noticed Natasha
  1012 | D:2      | Killed Natasha
  1013 | D:2      | Reached XP level 4. HP: 34/40 MP: 3/3
  1401 | D:2      | Reached skill level 1 in Dodging
  2117 | D:2      | Noticed Terence
  2130 | D:2      | Killed Terence
  2131 | D:2      | Reached XP level 5. HP: 46/46 MP: 4/4
  2650 | D:3      | Reached skill level 5 in Armour
  2875 | D:3      | Noticed Robin
  2933 | D:3      | Killed Robin
  3327 | D:3      | Found Wokivazaqu's Antique Weapon Shop.
  3389 | D:3      | Reached XP level 6. HP: 53/53 MP: 5/5
  3437 | D:3      | Found a glowing silver altar of Zin.
  3722 | D:4      | Reached skill level 5 in Long Blades
  4347 | D:4      | Noticed Menkaure
  4351 | D:4      | Killed Menkaure
  4352 | D:4      | Reached skill level 1 in Stealth
  4352 | D:4      | Reached skill level 5 in Shields
  4352 | D:4      | Reached XP level 7. HP: 51/60 MP: 6/6
  4370 | D:4      | Killed from afar by a shadow imp

Illustrated notes

Levels and vault maps discovered:
D:1:      lemuel_arrival_broad_hall, layout_basic
D:2:      layout_loops_ring, serial_forest, infiniplex_forest_lined_3,
          infiniplex_forest_straight_3, infiniplex_forest_straight_3,
          infiniplex_forest_fountain, infiniplex_forest_clump_double,
          infiniplex_forest_end_3, infiniplex_forest_lined_corner,
          serial_park_tiny_2, st_stairs_6, serial_bayou_lagoon_a,
          chequers_serial_rivers_micro_d, hex_tiny, uniq_terence, uniq_natasha
D:3:      layout_basic, zin_scriptorium, serial_shops,
          nicolae_shop_pleasant_corner_grove, hangedman_decor_peaks_small,
          grunt_decor_junction, uniq_robin
D:4:      layout_rooms, minmay_temple_entry_trees, roderic_lattice_a,
          grunt_decor_arrowhead, minmay_goblin_kobold_house, uniq_ijyb,
          uniq_menkaure

Skill      XL: |  1  2  3  4  5  6 |
---------------+-------------------+-----
Armour         | 4 5 |  5.7
Fighting       | 4 |  4.8
Shields        | 4 5 |  5.0
Long Blades    | 3 4 5 |  5.6
Dodging        | 1 |  1.9
Stealth        | 1 |  1.0

Action                     |  1- 3 |  4- 6 |  7- 9 || total
---------------------------+-------+-------+-------++-------
  Melee: Long sword        |    80 |   166 |    14 ||   260
         Headbutt          |     8 |    19 |     1 ||    28
    Use: Potion            |     1 |       |       ||     1
         Scroll            |       |     1 |     5 ||     6
   Stab: Sleeping          |       |     1 |       ||     1
 Armour: Scale mail        |    36 |   121 |    37 ||   194
  Dodge: Dodged            |    38 |   134 |    30 ||   202
  Block: Buckler           |    34 |    63 |     6 ||   103
